 Dungeon Crawl Stone Soup version 0.25.0-3-gd7cc5688da (webtiles) character file.

Game seed: 2166610582045099478

28 Esekla the Magician (level 3, -1/16 HPs)
             Began as a Felid Wanderer on June 15, 2020.
             Slain by an elf zombie (4 damage)
             ... on level 4 of the Dungeon.
             The game lasted 00:10:17 (1515 turns).

Esekla the Magician (Felid Wanderer)                Turns: 1515, Time: 00:10:17

Health: -1/16      AC:  1    Str:  9    XL:     3   Next: 0%
Magic:  7/7        EV: 16    Int: 13    God:
Gold:   49         SH:  0    Dex: 15    Spells: 3/7 levels left
                                        Lives:  0   Deaths: 0

rFire    . . .     SeeInvis +     - Unarmed
rCold    . . .     Gourm    .   (shield unavailable)
rNeg     . . .     Faith    +   (armour unavailable)
rPois    .         Spirit   .   (helmet unavailable)
rElec    .         Reflect  .   (cloak unavailable)
rCorr    .         Harm     .   (gloves unavailable)
MR       .....                  (boots unavailable)
Stlth    ++........             j - amulet of faith (curse)
HPRegen  0.05/turn              (no ring)
MPRegen  0.10/turn              (no ring)

@: quick
A: very small, no armour, no weapons or thrown items, stealth, claws 1, fangs 3,
see invisible, carnivore, speed 1, shaggy fur 1, slow metabolism 1, sharp paws
a: no special abilities


You were on level 4 of the Dungeon.
You were full.

You visited 1 branch of the dungeon, and saw 4 of its levels.

You collected 49 gold pieces.

Inventory:

Jewellery
 j - a cursed amulet of faith (around neck)
 k - a +6 ring of intelligence {unknown}
Wands
 a - a wand of paralysis (15)
Scrolls
 c - a scroll of remove curse {unknown}
 e - a scroll of immolation {unknown}
 f - 2 scrolls of identify {unknown}
 g - a scroll of enchant armour {unknown}
 h - a scroll of magic mapping {unknown}
 i - 2 scrolls of fear {unknown}
Potions
 b - a potion of lignification
Comestibles
 d - a ration


   Skills:
 + Level 2.1 Fighting
 * Level 0.8 Dodging
 + Level 2.2 Stealth
 + Level 1.1 Unarmed Combat
 * Level 2.5 Spellcasting
 * Level 0.8 Charms
 + Level 1.8 Air Magic
   Level 1.0 Earth Magic
 * Level 0.1 Poison Magic
 + Level 1.1 Evocations


You had 3 spell levels left.
You knew the following spells:

 Your Spells              Type           Power        Failure   Level  Hunger
a - Poisonous Vapours     Pois/Air       #.....       24%         2    ###....
b - Swiftness             Chrm/Air       #.......     22%         2    ###....

Your spell library contained the following spells:

 Spells                   Type           Power        Failure   Level  Hunger


Dungeon Overview and Level Annotations

Branches:
Dungeon (4/15)
 Temple: D:4-7

Altars:

Portals:
Ossuary: D:4

Annotations:
D:2 Sigmund, Terence


Innate Abilities, Weirdness & Mutations

You cannot wear armour.
You are incapable of wielding weapons or throwing items.
Your paws allow you to move quietly. (Stealth)
You have sharp claws.
You have razor-sharp teeth.
You have supernaturally acute eyesight. (SInv)
You are carnivorous and can eat meat at any time.
You cover ground quickly.
You are covered in fur. (AC +1)
You have a slow metabolism.
Your sharp claws are effective at attacking unaware monsters.


Message History

The elf zombie is moderately damaged.
The elf zombie hits you!
You scratch the elf zombie.
The elf zombie is moderately damaged.
The elf zombie closely misses you.
You scratch the elf zombie.
You bite the elf zombie, but do no damage.
The elf zombie is heavily damaged.
You hear the hiss of an avalanche of sand.
The elf zombie closely misses you.
You scratch the elf zombie.
The elf zombie is heavily damaged.
The elf zombie hits you.
* * * LOW HITPOINT WARNING * * *
You scratch the elf zombie.
The elf zombie is heavily damaged.
You scratch the elf zombie.
The elf zombie is heavily damaged.
The elf zombie hits you.
You die... ##### #.@Z# ###+#

You could see an elf zombie.

Vanquished Creatures
  An adder (D:2)
  A leopard gecko (D:1)
  A giant cockroach (D:1)
  A goblin (D:1)
  4 hobgoblins
  4 kobolds
  A ball python (D:1)
  3 bats
  A frilled lizard (D:2)
17 creatures vanquished.

Notes
Turn   | Place    | Note
-------+----------+-------------------------------------------
     0 | D:1      | Esekla the Felid Wanderer began the quest for the Orb.
     0 | D:1      | Esekla set off with the following items: a wand of
                  | paralysis (15), a potion of lignification, a ration; and
                  | the following spells available to memorise: Poisonous
                  | Vapours, Swiftness
     0 | D:1      | Reached XP level 1. HP: 9/9 MP: 4/4
   525 | D:1      | Reached XP level 2. HP: 13/13 MP: 6/6
   534 | D:1      | Learned a level 2 spell: Poisonous Vapours
   537 | D:1      | Learned a level 2 spell: Swiftness
   867 | D:2      | Noticed Terence
   883 | D:2      | Noticed Sigmund
  1218 | D:2      | Reached XP level 3. HP: 12/16 MP: 3/7
  1252 | D:2      | You fall into a shaft and drop 1 floor!
  1310 | D:4      | Found a sand-covered staircase.
  1515 | D:4      | Slain by an elf zombie

Illustrated notes

Levels and vault maps discovered:
D:1:      dpeg_arrival_arbitrary_b, layout_loops_ring
D:2:      layout_rooms, nicolae_overflow_hidden_temple,
          overflow_temple_1_default, uniq_sigmund, uniq_terence
D:3:      layout_loops_corners, lemuel_zombie_altar_yredelemnul, serial_undead,
          serial_undead_b, serial_undead_c, serial_undead_b, serial_undead_e
D:4:      layout_cave_pods, lemuel_doored_altar, brannock_xom_greatest_gift,
          minmay_temple_entry_from_below_a, first_ration,
          nicolae_ossuary_entry_catacombs, serial_bayou_ford_a

Skill      XL: |  1  2 |
---------------+-------+-----
Stealth        | 2 |  2.2
Fighting       | |  2.1
Dodging        | |  0.8
Unarmed Combat | |  1.1
Spellcasting   | |  2.5
Charms         | |  0.8
Air Magic      | |  1.8
Earth Magic    | |  1.0
Poison Magic   | |  0.1
Evocations     | |  1.1

Action                   || total
-------------------------++-------
Melee: Unarmed           ||    37
       Bite              ||     6
 Cast: Poisonous Vapours ||     7
 Stab: Sleeping          ||     4
  Eat: Chunk             ||     5
Armor: Skin              ||     7
Dodge: Dodged            ||    47
